 Dungeon Crawl Stone Soup version 0.29-a0-330-g52719c12eb (webtiles) character file.

Game seed: 3586933767821978273

86 Anon1729 the Ducker (level 4, 0/31 HPs)
             Began as a Djinni Venom Mage on Apr 18, 2022.
             Slain by a gnoll
             ... wielding a +0 club
              (7 damage)
             ... on level 2 of the Dungeon.
             The game lasted 00:03:03 (2137 turns).

Anon1729 the Ducker (Djinni Venom Mage)             Turns: 2137, Time: 00:03:04

Health: 0/31       AC:  2    Str:  7    XL:     4   Next: 78%
Gold:   116        EV: 13    Int: 18    God:
                   SH:  0    Dex: 14

rFire   + + .      SeeInvis .   g - staff of cold
rCold   . . .      Faith    .   (no shield)
rNeg    . . .      Spirit   .   a - +0 robe
rPois   ∞          Reflect  .   k - +0 hat
rElec   .          Harm     .   (no cloak)
rCorr   .          Rampage  .   (no gloves)
Will    .....                   (boots unavailable)
Stlth   ++........              (no amulet)
HPRegen 0.10/turn               (no ring)
MPRegen 0.00/turn               (no ring)

@: radiating poison, flying, very slightly contaminated
A: sickness immunity, fire resistance 2, cold vulnerability 1, float, innate
caster, HP casting, extra vitality 1
a: no special abilities


You were on level 2 of the Dungeon.
You visited 1 branch of the dungeon, and saw 2 of its levels.

You collected 116 gold pieces.

Inventory:

Missiles
 e - 5 poisoned darts
Armour
 a - a +0 robe (worn)
 k - a +0 hat (worn)
Magical Staves
 g - a staff of cold (weapon)
Scrolls
 f - a scroll of teleportation {unknown}
Potions
 b - 2 potions of curing {unknown}
 c - 2 potions of might {unknown}
 d - a potion of lignification {unknown}
 h - 2 potions of mutation {unknown}
 i - a potion of attraction {unknown}
 j - a potion of brilliance {unknown}


   Skills:
 + Level 3.4 Dodging
 + Level 2.6 Stealth
 + Level 3.0 Spellcasting


You couldn't memorise any spells.
You knew the following spells:

 Your Spells              Type           Power      Damage    Failure   Level
a - Sting                 Tmut/Pois      52%        1d5       4%          1
b - Poisonous Vapours     Pois/Air       26%        N/A       7%          2
c - Mephitic Cloud        Conj/Pois/Air  13%        N/A       14%         3
d - Olgreb's Toxic Radia  Pois           13%        N/A       43%         4
e - Apportation           Tloc           26%        N/A       4%          1
Your spell library was empty.

Dungeon Overview and Level Annotations

Branches:
Dungeon (2/15)

Altars:


Innate Abilities, Weirdness & Mutations

You are immune to sickness and miasma.
You are immune to poison.
Your flesh is very heat resistant. (rF++)
You are vulnerable to cold. (rC-)
You float through the air rather than walking.
You learn spells naturally, not from books.
Your magical power is your life essence.
You have superior vitality. (+4 MHP)


Message History

You can't see any susceptible monsters within range! (Use Z to cast anyway.)
Found a scale mail.
Found 19 stones. 4 gnolls and a goblin come into view.
The goblin is wielding a +0 dagger of venom.
There are monsters nearby!
Casting: Sting (safe; 4% risk of failure)
Confirm with . or Enter, or press ? or * to list all spells.
The spell is potentially lethal to miscast (43% risk of failure)!
Continue anyway?
You miscast Olgreb's Toxic Radiance.
You are very lightly contaminated with residual magic.
You feel odd. You resist.
The gnoll shouts! x3; The goblin shouts!
Casting: Olgreb's Toxic Radiance (potentially lethal; 43% risk of failure)
Confirm with . or Enter, or press ? or * to list all spells.
The spell is potentially lethal to miscast (43% risk of failure)!
Continue anyway?
You begin to radiate toxic energy.
The gnoll is poisoned. x4
The goblin is poisoned.
The gnoll looks even sicker.
The goblin looks even sicker.
The sting hits the gnoll.
The gnoll looks even sicker.
The gnoll is moderately wounded.
The gnoll looks even sicker.
Your toxic aura wanes.
You kill the goblin!
The gnoll barely misses you.
Casting: Sting (safe; 4% risk of failure)
Confirm with . or Enter, or press ? or * to list all spells.
The spell is potentially lethal to miscast (43% risk of failure)!
Continue anyway?
You miscast Olgreb's Toxic Radiance.
You feel odd. You resist. The gnoll barely misses you.
Casting: Olgreb's Toxic Radiance (potentially lethal; 43% risk of failure)
Confirm with . or Enter, or press ? or * to list all spells.
The spell is potentially lethal to miscast (43% risk of failure)!
Continue anyway?
You begin to radiate toxic energy.
The gnoll looks as sick as possible!
The gnoll looks even sicker. x2; The gnoll looks as sick as possible!
The gnoll looks even sicker.
The gnoll hits you with a +0 club!
* * * LOW HITPOINT WARNING * * *
A frilled lizard comes into view.
The gnoll hits you with a +0 club!
You die...

#.# ..##.#)# #.#
#.##.#.# # #.# #.##.#.#
#. #.# #....... #.. #.#
########.#.# #...
##.####>.......... #....
+.........######..
#.....##.####...........
#..).gg@.# #.#.########
#.....g#.# #[..# #...
#......#.# ##### #...
#......#.# #...
#....##### #...# ##'#
#...l #...# #.# #?..
#...# ##.# #... #...#
#..# #...# #..#


You could see 3 gnolls and a frilled lizard (wandering).

Vanquished Creatures
  Terence (D:2)
  2 adders (D:2)
  A dart slug (D:1)
  5 ball pythons (D:1)
  3 endoplasms
  2 giant cockroaches (D:1)
  4 hobgoblins (D:1)
  4 jackals (D:1)
  3 bats (D:1)
  6 goblins
  4 kobolds
  5 rats (D:1)
40 creatures vanquished.

Notes
Turn   | Place    | Note
-------+----------+-------------------------------------------
     0 | D:1      | Anon1729 the Djinni Venom Mage began the quest for the Orb.
     0 | D:1      | Reached XP level 1. HP: 15/15 MP: 0/0
   213 | D:1      | Reached XP level 2. HP: 20/21 MP: 0/0
   604 | D:1      | Reached XP level 3. HP: 23/25 MP: 0/0
   604 | D:1      | Learned a level 1 spell: Apportation
  1683 | D:2      | Reached XP level 4. HP: 28/31 MP: 0/0
  1723 | D:2      | Noticed Terence
  1731 | D:2      | HP: 1/31 [Terence/+0 flail (3)]
  1734 | D:2      | Killed Terence
  2137 | D:2      | Slain by a gnoll

Illustrated notes

Levels and vault maps discovered:
D:1:      noname_arrival_rooms_in_the_neighbourhood, layout_basic
D:2:      layout_basic, uniq_terence, uniq_crazy_yiuf_cottage

Skill      XL: |  1  2  3  4 |
---------------+-------------+-----
Stealth        | 2 |  2.6
Dodging        | 3 |  3.4
Spellcasting   | 3 |  3.0

Action                   |  1- 3 |  4- 6 || total
-------------------------+-------+-------++-------
Melee: Staff             |     1 |       ||     1
 Cast: Sting             |    64 |    10 ||    74
       Olgreb's Toxic Ra |       |     2 ||     2
Dodge: Dodged            |    11 |     4 ||    15

Table legend: (Time is in decaauts)
 A = Elapsed time spent in this place.
 B = Non-inter-level travel time spent in this place.
 C = Inter-level travel time spent in this place.
 D = Time resting spent in this place.
 E = Time spent auto-exploring this place.
 F = Levels seen in this place.
 G = Mean time per level.
                   A        B        C        D        E       F      G
               +--------+--------+--------+--------+--------+-----+--------+
         Total |   2136 |   2105 |     31 |    609 |   1264 |   2 | 1068.0 |
       Dungeon |   2136 |   2105 |     31 |    609 |   1264 |   2 | 1068.0 |
               +--------+--------+--------+--------+--------+-----+--------+

Top non-repeatable levels by time:
     D:1: 1342 daAuts
     D:2: 793 daAuts
